Map: 乌雷纳

Players

平步青云

  • Race: Terran Terran

电脑难度 (极难) - Winner!

  • Race: Protoss Protoss

VOD

Have the link to the VOD?

Description

Time

  • Played on: Dec. 31, 2015, 7:48 a.m.
  • Length: 9:43
Show
View Real Time Build Order
Export as new Build Order

平步青云 Terran 

Build Orders: Bio Tank, MMM Bio 

Get SALT Encoding   

  12  0:00  SCV  
  13  0:13  SCV  
  14  0:20  Supply Depot  
  14  0:25  SCV  
  15  0:41  SCV  
  16  0:43  Barracks  
  16  0:53  SCV  
  17  1:02  Barracks  
  17  1:05  SCV  
  17  1:06  Refinery  
  18  1:19  SCV  
  19  1:29  Supply Depot  
  19  1:31  SCV  
  20  1:36  Marine  
  21  1:43  SCV  
  22  1:52  Marine  
  23  1:54  Marine  
  23  1:55  SCV  
  25  2:07  SCV  
  26  2:11  Factory  
  26  2:18  Refinery, Marine x2  
  26  2:19  SCV  
  29  2:31  SCV  
  30  2:37  Barracks Reactor  
  30  2:46  Barracks Tech Lab  
  31  2:58  Orbital Command  
  30  3:00  Command Center  
  30  3:05  Factory Tech Lab  
  30  3:22  Supply Depot  
  30  3:40  Supply Depot  
  30  3:41  Stimpack  
  30  3:43  Marine  
  30  3:44  Marauder  
  33  3:56  SCV  
  33  3:58  Siege Tank  
  33  4:01  Marine  
  33  4:02  Bunker  
  38  4:12  Starport  
  38  4:15  SCV  
  39  4:27  SCV  
  40  4:33  Supply Depot  
  40  4:41  Marine, Marauder  
  40  4:42  Marine  
  44  4:50  Engineering Bay  
  44  4:55  Supply Depot  
  44  5:05  Siege Tank  
  47  5:07  Marine x2  
  47  5:10  SCV  
  50  5:14  Medivac  
  52  5:22  SCV  
  52  5:26  Supply Depot  
  53  5:30  Refinery  
  53  5:33  SCV  
  53  5:34  SCV  
  55  5:38  Marine  
  55  5:41  Concussive Shells  
  56  5:44  Medivac  
  56  5:45  SCV  
  56  5:46  SCV  
  60  5:53  Marine  
  60  5:56  Marauder  
  63  5:59  Marine  
  63  6:04  Siege Tank  
  67  6:05  SCV  
  67  6:07  SCV  
  67  6:11  Marine  
  70  6:16  Missile Turret  
  70  6:17  Marine  
  71  6:26  Missile Turret  
  71  6:28  SCV  
  72  6:38  Refinery  
  72  6:39  Medivac  
  74  6:41  SCV, Marine x2  
  74  6:43  Marauder  
  79  6:50  Siege Tank  
  79  6:53  SCV  
  83  6:55  Combat Shields  
  83  6:58  Terran Infantry Weapons Level 1  
  83  7:05  SCV  
  84  7:10  Marine  
  84  7:11  Marine  
  86  7:19  Supply Depot  
  86  7:40  SCV, Marauder, Marine x2  
  86  7:42  Supply Depot  
  91  7:58  Marine x2  
  93  8:04  SCV, Marauder, Siege Tank, Supply Depot, Medivac  
  101  8:16  Marine  
  102  8:26  Supply Depot, Marauder, Marine  
  78  8:45  Marine x2  
  78  8:48  Marauder  
  64  9:03  Marine x2  
  64  9:09  Marauder  
  66  9:20  Marine  
  66  9:21  Marine  
Show
View Real Time Build Order
Export as new Build Order

电脑难度 (极难) Protoss - Winner!

Build Orders: Blink Stalkers, Zealot Archon 

Get SALT Encoding   

  12  0:01  Probe (Chrono Boost)  
  13  0:11  Probe (Chrono Boost)  
  14  0:20  Pylon  
  14  0:22  Probe (Chrono Boost)  
  15  0:38  Probe (Chrono Boost)  
  16  0:47  Assimilator  
  16  0:49  Probe (Chrono Boost)  
  17  0:51  Gateway  
  17  0:59  Probe (Chrono Boost)  
  17  1:02  Pylon  
  18  1:10  Probe (Chrono Boost)  
  19  1:20  Probe (Chrono Boost)  
  20  1:31  Probe (Chrono Boost)  
  21  1:35  Assimilator  
  21  1:36  Zealot  
  23  1:40  Cybernetics Core  
  23  1:42  Probe (Chrono Boost)  
  25  1:54  Probe (Chrono Boost)  
  25  2:05  Probe (Chrono Boost)  
  25  2:07  Pylon  
  26  2:12  Warp Gate  
  27  2:16  Probe (Chrono Boost)  
  27  2:17  Stalker  
  27  2:21  Twilight Council  
  29  2:32  Gateway, Probe (Chrono Boost)  
  30  2:44  Probe (Chrono Boost)  
  31  2:45  Stalker  
  33  2:55  Blink  
  33  3:04  Gateway  
  33  3:14  Stalker  
  33  3:16  Pylon  
  35  3:21  Stalker  
  35  3:26  Probe (Chrono Boost)  
  38  3:38  Probe (Chrono Boost)  
  39  3:44  Stalker  
  41  3:49  Stalker  
  41  3:50  Stalker  
  45  3:56  Pylon  
  45  4:12  Pylon  
  45  4:21  Stalker  
  47  4:27  Adept  
  47  4:28  Stalker  
  51  4:41  Nexus  
  51  4:47  Zealot  
  53  4:57  Templar Archives  
  53  5:09  Pylon  
  53  5:27  Zealot  
  55  5:35  High Templar x2  
  59  5:44  Archon  
  59  5:55  Probe (Chrono Boost)  
  59  5:56  Probe (Chrono Boost)  
  61  6:03  High Templar, Assimilator  
  63  6:06  Probe (Chrono Boost), Assimilator  
  63  6:07  Probe (Chrono Boost)  
  65  6:17  Probe (Chrono Boost)  
  65  6:18  Probe (Chrono Boost)  
  67  6:28  Probe (Chrono Boost)  
  67  6:29  Probe (Chrono Boost)  
  67  6:30  High Templar  
  71  6:39  Probe (Chrono Boost)  
  72  6:41  Sentry, Probe (Chrono Boost)  
  72  6:43  Adept  
  72  6:46  Pylon, Archon  
  77  6:51  Probe (Chrono Boost)  
  77  6:53  Probe (Chrono Boost)  
  79  6:59  High Templar  
  82  7:02  Probe (Chrono Boost)  
  82  7:04  Probe (Chrono Boost)  
  83  7:09  Pylon  
  83  7:11  High Templar  
  83  7:13  Probe (Chrono Boost)  
  87  7:15  Probe (Chrono Boost)  
  87  7:23  Robotics Facility  
  87  7:25  Probe (Chrono Boost)  
  87  7:27  Probe (Chrono Boost)  
  87  7:29  Pylon, Archon  
  89  7:32  Forge  
  89  7:34  High Templar  
  89  7:36  Probe (Chrono Boost)  
  92  7:37  Forge  
  92  7:41  Pylon  
  92  7:49  High Templar  
  92  7:50  Gateway  
  94  8:04  Sentry  
  96  8:06  Archon, Photon Cannon  
  96  8:09  Pylon  
  96  8:10  Observer  
  97  8:13  Zealot  
  97  8:19  High Templar  
  101  8:27  Nexus  
  101  8:28  Zealot  
  101  8:31  Photon Cannon  
  101  8:32  Zealot  
  103  8:36  Pylon  
  93  8:45  Immortal  
  93  8:46  Zealot x2  
  95  8:49  Stalker  
  95  8:50  Zealot  
  97  9:05  Stalker, High Templar, Photon Cannon  
  97  9:09  Adept  
  103  9:10  Stalker  
  93  9:27  Stalker, Adept  
  89  9:33  Adept  
  89  9:35  Zealot  
Tags
 
Add a new tag
Caveats
  • Supply blocks, unpowered buildings, or Contaminate may cause inaccurate times.
  • Supply counts are checked every 10 seconds.